 Dungeon Crawl Stone Soup version 0.21-b1-21-g86478ac (webtiles) character file.

430 KeeTraxx the Insei (level 6, -1/44 HPs)
             Began as a Merfolk Transmuter on Jan 4, 2018.
             Slain by a gnoll
             ... wielding a +0 flail of crushing
              (2 damage)
             ... on level 5 of the Dungeon.
             The game lasted 00:11:24 (4749 turns).

KeeTraxx the Insei (Merfolk Transmuter)             Turns: 4749, Time: 00:11:24

Health: -1/44      AC:  2    Str: 11    XL:     6   Next: 99%
Magic:  3/11       EV: 21    Int: 14    God:
Gold:   207        SH:  0    Dex: 19    Spells: 0/11 levels left

rFire    . . .     SeeInvis .     - Unarmed
rCold    . . .     Gourm    .   (shield currently unavailable)
rNeg     . . .     Faith    .   (armour currently unavailable)
rPois    x         Spirit   .   (helmet currently unavailable)
rElec    .         Reflect  .   (cloak currently unavailable)
rCorr    .         Harm     .   (gloves currently unavailable)
MR       .....                  (boots currently unavailable)
Stlth    ++........             (no amulet)
HPRegen  0.14/turn              (no ring)
MPRegen  0.12/turn              (no ring)

@: spider-form (expiring), very slightly contaminated
A: tiny, (change form in water), (swift swim), (stealthy swim)
a: End Transformation


You were on level 5 of the Dungeon.
You were not hungry.
You were a venomous arachnid creature.
You visited 1 branch of the dungeon, and saw 5 of its levels.

You collected 207 gold pieces.

Inventory:

Missiles
 a - 98 arrows
 q - 5 tomahawks (quivered)
Armour
 h - a scarf of cloud immunity (melded)
 o - a +1 leather armour (melded)
 t - a +0 pair of gloves (melded)
 y - a +0 ring mail
Jewellery
 e - an uncursed ring of resist corrosion {unknown}
Wands
 u - a wand of paralysis (16)
Scrolls
 f - a scroll of fear
 l - 4 scrolls of identify
 x - a scroll of random uselessness {unknown}
Potions
 g - a potion of agility {unknown}
 i - a potion of cancellation {unknown}
 m - a potion of degeneration {unknown}
 n - a potion of magic {unknown}
 p - 2 potions of curing
 w - a potion of heal wounds {unknown}
 z - a potion of ambrosia
Books
 c - a book of Changes

   Spells                             Type                      Level
   a - Beastly Appendage              Transmutation                1
   b - Sticks to Snakes               Transmutation                2
   c - Spider Form                    Transmutation/Poison         3
   d - Ice Form                       Ice/Transmutation            4
   e - Blade Hands                    Transmutation                5
 s - a book of Misfortune

   Spells                             Type                      Level
   a - Confusing Touch                Hexes                        1
   b - Confuse                        Hexes                        3
   c - Gell's Gravitas                Translocation                3
   d - Petrify                        Transmutation/Earth          4
   e - Metabolic Englaciation         Hexes/Ice                    5
   f - Yara's Violent Unravelling     Hexes/Transmutation          5
Comestibles
 d - 7 rations


   Skills:
 + Level 1.9 Fighting
 - Level 2.6 Dodging
 + Level 5.8 Unarmed Combat
 + Level 3.3 Spellcasting
 * Level 1.5 Hexes
 + Level 4.7 Transmutations
 - Level 2.1 Poison Magic


You couldn't memorise any spells.
You knew the following spells:

 Your Spells              Type           Power        Failure   Level  Hunger
a - Beastly Appendage     Tmut           ###...       11%         1    #......
b - Sticks to Snakes      Tmut           ###.....     14%         2    ##.....
c - Spider Form           Tmut/Pois      ##........   34%         3    ###....
d - Confusing Touch       Hex            #.....       26%         1    #......
e - Ice Form              Ice/Tmut       #.......     80%         4    #####..


Dungeon Overview and Level Annotations

Branches:
Dungeon (5/15)
 Temple: D:4-7

Altars:
Vehumet


Message History

Confirm with . or Enter, or press ? or * to list all spells.
You miscast Sticks to Snakes.
Strange energies run through your body. The gnoll misses you.
Unknown command.
The gnoll misses you. The gnoll hits you with a spear.
You barely miss the gnoll. You completely miss the gnoll.
Your transformation is almost over.
The gnoll hits you with a spear.
The gnoll hits you with a flail of crushing!
* * * LOW HITPOINT WARNING * * *
x2 The gnoll barely misses you.
Unknown command.
You hit the gnoll.
The gnoll is poisoned.
The gnoll is moderately wounded.
The gnoll barely misses you. x2
The gnoll closely misses you.
The gnoll hits you with a flail of crushing!
* * * LOW HITPOINT WARNING * * *
You die...

,,,,*,,,,,,,,,,,,....##****,,,,,,
**,,*,,,,###+#*,,....#,,,,,,,,,,,
*,,*,,,,#....+,,....#,,,,,,,,,,,
*,,+,,,,#....*,,...,*,,,,,,,,,,,
*,,*,,,,#...g###'####,,,,,,,,,,,
**,,*,,,,#...g.......##########**
,*,,*,,,,#...g##g......#......#,,
,****,,,,#....##gg.....#......#,,
,,,,,,,,,#....#.s......#......#,,
,,,,,,,,,#....##..####+#......##+
*,,,,,,,,#....##..####.###.......
*,,,,,,,,#....#..........#....)..
*,,,,,,,,#....#..........#<...)..
*,,,,,,,,*,,**####..###..#.......
***+***+**,,*****#..###..##'###+#
,,,,,,,,,,,,,*,,..........).#,,,,
,,,,,,,,,,,,,*,.............#,,,,


You could see 3 gnolls.

Vanquished Creatures
  An ogre (D:4)
  A crimson imp (D:4)
  An orc priest (D:4)
  An iguana (D:4)
  Ijyb (D:3)
  A worker ant (D:4)
  A hound zombie (D:5)
  4 gnolls (D:5)
  5 adders
  4 worms
  3 dart slugs
  3 leopard geckos
  6 orcs
  8 bats
  4 giant cockroaches
  5 goblins
  9 hobgoblins
  3 jackals
  3 quokkas
  7 frilled lizards
  6 kobolds
  9 rats
86 creatures vanquished.

Vanquished Creatures (collateral kills)
  A gnoll (D:5)
  A worm (D:3)
  A jackal (D:5)
3 creatures vanquished.

Grand Total: 89 creatures vanquished

Notes
Turn   | Place    | Note
-------+----------+-------------------------------------------
     0 | D:1      | KeeTraxx the Merfolk Transmuter began the quest for the Orb.
     0 | D:1      | Reached XP level 1. HP: 15/15 MP: 3/3
   251 | D:1      | Reached XP level 2. HP: 21/21 MP: 5/5
   519 | D:1      | Reached skill level 4 in Unarmed Combat
   521 | D:1      | Reached XP level 3. HP: 20/26 MP: 4/6
   525 | D:1      | Learned a level 2 spell: Sticks to Snakes
   529 | D:1      | Learned a level 3 spell: Spider Form
  1682 | D:2      | Reached XP level 4. HP: 32/32 MP: 5/7
  1806 | D:2      | Reached skill level 1 in Poison Magic
  2300 | D:2      | Found a radiant altar of Vehumet.
  2911 | D:3      | Reached XP level 5. HP: 37/37 MP: 6/8
  2920 | D:3      | Learned a level 1 spell: Confusing Touch
  3234 | D:3      | Noticed Ijyb
  3242 | D:3      | Paralysed by Ijyb for 6 turns
  3249 | D:3      | Killed Ijyb
  3394 | D:4      | Reached skill level 5 in Unarmed Combat
  3776 | D:4      | Reached XP level 6. HP: 35/44 MP: 6/10
  4101 | D:4      | Learned a level 4 spell: Ice Form
  4221 | D:4      | Reached skill level 1 in Hexes
  4573 | D:5      | Entered Level 5 of the Dungeon
  4749 | D:5      | HP: 1/44 [gnoll/flail of crushing (7)]
  4749 | D:5      | Slain by a gnoll

Skill      XL: |  1  2  3  4  5  6 |
---------------+-------------------+-----
Transmutations | 3 4 |  4.7
Unarmed Combat | 4 5 |  5.8
Poison Magic   | 1 2 |  2.1
Spellcasting   | 3 |  3.3
Hexes          | 1 |  1.5
Fighting       | |  1.9
Dodging        | |  2.6

Action                   |  1- 3 |  4- 6 || total
-------------------------+-------+-------++-------
Melee: Unarmed           |   121 |   172 ||   293
       Headbutt          |    11 |    11 ||    22
       Punch             |     4 |     3 ||     7
 Cast: Beastly Appendage |    19 |    18 ||    37
       Spider Form       |     1 |    10 ||    11
       Sticks to Snakes  |       |     5 ||     5
  Use: Potion            |       |     1 ||     1
       Scroll            |       |     5 ||     5
 Stab: Sleeping          |     1 |     1 ||     2
  Eat: Chunk             |     3 |    12 ||    15
Armor: Robe              |    15 |     8 ||    23
       Skin              |     1 |     2 ||     3
       Leather armour    |       |    15 ||    15
Dodge: Dodged            |    70 |   119 ||   189
